General information
- name: BNet
- type: Ladder team game (AT/RT)
- host: Battle.net
- saver: WinFreeloader
map: GolemsInTheMist
- players: 8
- length: 21:27
- speed: Fast
- version: 1.27 W3XP
- replay type: Public
» download(128 KB)
Players
team 1 (winner)
0l1l1l1l1l0 (
purple | 75 APM | 1606 actions | 21:27)
6 Blood Mage
3 Flame Strike
2 Siphon Mana
1 Summon Phoenix
3 Paladin
1 Holy Light
2 Devotion Aura
» actions
| Assign group hotkey | 22 | |
| Basic commands | 13 | |
| Build / train | 81 | |
| ESC pressed | 3 | |
| Enter build submenu | 40 | |
| Enter hero's abilities submenu | 9 | |
| Remove unit from queue | 2 | |
| Right click | 571 | |
| Select / deselect | 554 | |
| Select group hotkey | 244 | |
| Use ability | 67 | |
1606 total
» units
| Peasant | 16 | |
| Rifleman | 14 | |
| Goblin Shredder | 1 | |
| Gryphon Rider | 3 | |
34 total
» upgrades
| Gunpowder | 3 | |
| Masonry | 3 | |
| Armor | 3 | |
| Lumber Harvesting | 2 | |
| Long Rifles | 1 | |
| Swords | 2 | |
14 total
» buildings
| Altar of Kings | 1 | |
| Farm | 12 | |
| Barracks | 2 | |
| Scout Tower | 12 | |
| Blacksmith | 2 | |
| Arcane Tower | 2 | |
| Lumber Mill | 1 | |
| Guard Tower | 8 | |
| Town Hall | 4 | |
| Arcane Vault | 1 | |
| Keep | 1 | |
| Castle | 1 | |
| Gryphon Aviary | 3 | |
50 total
» build order
00:38 Altar of Kings
00:43 Farm
01:21 Barracks
01:24 Farm
01:30 Farm
01:46 Farm
01:51 Scout Tower
02:11 Blacksmith
02:19 Farm
02:35 Arcane Tower
02:45 Lumber Mill
02:59 Barracks
03:02 Scout Tower
03:09 Farm
03:33 Farm
03:55 Guard Tower
04:43 Town Hall
04:53 Scout Tower
05:17 Arcane Vault
06:26 Blacksmith
07:04 Scout Tower
07:44 Guard Tower
07:49 Farm
07:58 Keep
08:30 Farm
08:32 Farm
08:55 Farm
11:15 Guard Tower
11:52 Guard Tower
12:19 Castle
13:13 Town Hall
13:27 Town Hall
13:32 Scout Tower
13:43 Scout Tower
13:47 Scout Tower
13:49 Scout Tower
14:25 Scout Tower
14:43 Guard Tower
14:44 Guard Tower
15:05 Guard Tower
15:07 Scout Tower
15:10 Scout Tower
15:13 Scout Tower
15:42 Guard Tower
15:44 Arcane Tower
16:27 Gryphon Aviary
16:30 Gryphon Aviary
16:33 Gryphon Aviary
18:15 Farm
19:27 Town Hall
» items
| Scroll of Regeneration | 2 | |
| Scroll of Town Portal | 2 | |
| Ivory Tower | 3 | |
| Orb of Fire | 1 | |
8 total
WinFreeloader (
green | 70 APM | 1513 actions | 21:27)
6 Archmage
3 Summon Water Elemental
2 Brilliance Aura
1 Mass Teleport
2 Blood Mage
1 Flame Strike
1 Siphon Mana
» actions
| Assign group hotkey | 41 | |
| Basic commands | 111 | |
| Build / train | 73 | |
| Enter build submenu | 25 | |
| Enter hero's abilities submenu | 9 | |
| Remove unit from queue | 5 | |
| Right click | 522 | |
| Select / deselect | 418 | |
| Select group hotkey | 217 | |
| Use ability | 92 | |
1513 total
» units
| Peasant | 13 | |
| Footman | 11 | |
| Rifleman | 6 | |
| Priest | 2 | |
32 total
» upgrades
| Defend | 1 | |
| Masonry | 2 | |
| Priest Training | 2 | |
| Long Rifles | 1 | |
| Gunpowder | 3 | |
| Armor | 3 | |
| Magic Sentry | 1 | |
13 total
» buildings
| Altar of Kings | 1 | |
| Barracks | 2 | |
| Farm | 7 | |
| Scout Tower | 4 | |
| Arcane Tower | 1 | |
| Keep | 1 | |
| Lumber Mill | 2 | |
| Arcane Vault | 1 | |
| Arcane Sanctum | 2 | |
| Blacksmith | 1 | |
| Guard Tower | 1 | |
| Castle | 1 | |
| Town Hall | 3 | |
27 total
» build order
00:34 Altar of Kings
00:35 Barracks
00:50 Farm
00:52 Farm
01:03 Farm
01:27 Scout Tower
02:02 Farm
02:15 Arcane Tower
04:45 Farm
04:46 Farm
04:48 Keep
04:52 Farm
05:23 Lumber Mill
07:59 Arcane Vault
08:06 Arcane Sanctum
08:07 Arcane Sanctum
08:26 Blacksmith
08:29 Barracks
08:31 Scout Tower
08:31 Scout Tower
08:33 Scout Tower
09:07 Guard Tower
12:04 Castle
13:19 Town Hall
21:03 Town Hall
21:19 Town Hall
21:24 Lumber Mill
» items
| Scroll of Regeneration | 3 | |
| Scroll of Town Portal | 1 | |
| Mechanical Critter | 4 | |
| Ivory Tower | 1 | |
9 total

»
lemoncheddar (
yellow | 28 APM | 593 actions | 21:27)
4 Death Knight
2 Death Coil
2 Unholy Aura
1 Lich
1 Frost Armor
» actions
| Assign group hotkey | 29 | |
| Basic commands | 2 | |
| Build / train | 60 | |
| Enter build submenu | 17 | |
| Enter hero's abilities submenu | 5 | |
| Right click | 127 | |
| Select / deselect | 206 | |
| Select group hotkey | 116 | |
| Use ability | 31 | |
593 total
» units
| Acolyte | 7 | |
| Ghoul | 16 | |
| Crypt Fiend | 7 | |
| Frost Wyrm | 9 | |
39 total
» upgrades
| Cannibalize | 1 | |
| Creature Attack | 2 | |
| Web | 1 | |
| Creature Carapace | 2 | |
| Freezing Breath | 1 | |
7 total
» buildings
| Altar of Darkness | 1 | |
| Ziggurat | 9 | |
| Crypt | 1 | |
| Graveyard | 1 | |
| Tomb of Relics | 1 | |
| Halls of the Dead | 1 | |
| Sacrificial Pit | 1 | |
| Spirit Tower | 2 | |
| Black Citadel | 1 | |
| Boneyard | 2 | |
20 total
» build order
00:09 Altar of Darkness
00:10 Ziggurat
00:26 Crypt
00:53 Graveyard
01:40 Tomb of Relics
02:00 Ziggurat
04:08 Ziggurat
04:54 Halls of the Dead
05:49 Ziggurat
07:57 Sacrificial Pit
08:14 Ziggurat
08:17 Spirit Tower
08:42 Black Citadel
09:06 Ziggurat
09:10 Spirit Tower
11:11 Boneyard
11:14 Boneyard
14:11 Ziggurat
14:11 Ziggurat
14:12 Ziggurat
» items
team 2 (loser)

»
WinterSnows (
blue | 29 APM | 425 actions | 14:51)
3 Crypt Lord
1 Spiked Carapace
2 Impale
» actions
| Assign group hotkey | 7 | |
| Basic commands | 24 | |
| Build / train | 50 | |
| Enter build submenu | 20 | |
| Enter hero's abilities submenu | 3 | |
| Remove unit from queue | 4 | |
| Right click | 119 | |
| Select / deselect | 151 | |
| Select group hotkey | 1 | |
| Use ability | 46 | |
425 total
» units
| Acolyte | 7 | |
| Ghoul | 12 | |
| Goblin Shredder | 1 | |
| Crypt Fiend | 4 | |
| Archer | 3 | |
| Frost Wyrm | 5 | |
32 total
» upgrades
| Creature Attack | 2 | |
| Creature Carapace | 1 | |
| Web | 1 | |
| Freezing Breath | 1 | |
5 total
» buildings
| Graveyard | 2 | |
| Ziggurat | 9 | |
| Crypt | 2 | |
| Altar of Darkness | 1 | |
| Tomb of Relics | 1 | |
| Halls of the Dead | 1 | |
| Black Citadel | 1 | |
| Sacrificial Pit | 1 | |
| Boneyard | 3 | |
21 total
» build order
01:02 Graveyard
01:05 Ziggurat
01:08 Crypt
01:14 Altar of Darkness
01:23 Ziggurat
01:34 Tomb of Relics
04:10 Halls of the Dead
05:12 Ziggurat
06:32 Black Citadel
08:03 Crypt
09:44 Sacrificial Pit
09:49 Ziggurat
09:50 Ziggurat
10:42 Boneyard
10:57 Boneyard
11:10 Boneyard
11:52 Ziggurat
11:59 Ziggurat
12:02 Ziggurat
12:03 Ziggurat
12:27 Graveyard
» items
| Rod of Necromancy | 1 | |
| Scroll of Town Portal | 1 | |
| Orb of Corruption | 1 | |
3 total
Sylvanas-W. (
red | 59 APM | 682 actions | 11:28)
2 Warden
1 Fan of Knives
1 Blink
» actions
| Basic commands | 21 | |
| Build / train | 51 | |
| Enter build submenu | 24 | |
| Enter hero's abilities submenu | 2 | |
| Right click | 329 | |
| Select / deselect | 199 | |
| Use ability | 56 | |
682 total
» units
» upgrades
| Strength of the Moon | 1 | |
| Improved Bows | 1 | |
| Nature's Blessing | 1 | |
3 total
» buildings
| Moon Well | 5 | |
| Altar of Elders | 1 | |
| Ancient of War | 2 | |
| Tree of Ages | 1 | |
| Hunter's Hall | 1 | |
| Ancient Protector | 11 | |
| Tree of Life | 2 | |
23 total
» build order
01:07 Moon Well
01:18 Altar of Elders
01:23 Ancient of War
01:34 Ancient of War
01:45 Moon Well
02:22 Moon Well
04:19 Tree of Ages
05:04 Hunter's Hall
05:11 Moon Well
06:05 Moon Well
06:21 Ancient Protector
06:24 Ancient Protector
06:29 Ancient Protector
08:24 Tree of Life
08:35 Tree of Life
08:37 Ancient Protector
08:39 Ancient Protector
08:44 Ancient Protector
08:47 Ancient Protector
08:49 Ancient Protector
09:29 Ancient Protector
09:32 Ancient Protector
09:38 Ancient Protector

»
LVXIFER (
orange | 60 APM | 1276 actions | 21:26)
5 Blood Mage
3 Flame Strike
2 Siphon Mana
2 Paladin
1 Holy Light
1 Devotion Aura
1 Death Knight
1 Death Coil
1 Mountain King
1 Storm Bolt
» actions
| Assign group hotkey | 41 | |
| Basic commands | 73 | |
| Build / train | 73 | |
| ESC pressed | 5 | |
| Enter build submenu | 23 | |
| Enter hero's abilities submenu | 10 | |
| Right click | 653 | |
| Select / deselect | 257 | |
| Select group hotkey | 83 | |
| Use ability | 58 | |
1276 total
» units
| Peasant | 8 | |
| Footman | 5 | |
| Rifleman | 21 | |
| Mortar Team | 1 | |
| Siege Engine | 9 | |
| Frost Wyrm | 3 | |
| Knight | 2 | |
49 total
» upgrades
| Defend | 1 | |
| Long Rifles | 1 | |
| Lumber Harvesting | 1 | |
| Barrage | 2 | |
5 total
» buildings
| Altar of Kings | 1 | |
| Farm | 12 | |
| Barracks | 1 | |
| Lumber Mill | 1 | |
| Arcane Vault | 1 | |
| Blacksmith | 2 | |
| Keep | 1 | |
| Workshop | 3 | |
| Scout Tower | 2 | |
| Guard Tower | 2 | |
| Castle | 1 | |
| Ancient of Wind | 3 | |
30 total
» build order
00:10 Altar of Kings
00:25 Farm
00:49 Barracks
01:03 Lumber Mill
01:17 Farm
02:37 Arcane Vault
03:21 Blacksmith
03:30 Farm
03:31 Farm
03:34 Blacksmith
04:51 Keep
05:42 Farm
05:44 Farm
05:48 Farm
08:08 Workshop
08:11 Workshop
08:15 Workshop
08:48 Scout Tower
08:50 Scout Tower
11:31 Guard Tower
13:13 Guard Tower
15:27 Castle
18:21 Farm
18:22 Farm
18:23 Farm
18:24 Farm
18:24 Farm
20:46 Ancient of Wind
20:47 Ancient of Wind
20:48 Ancient of Wind
» items
| Scroll of Regeneration | 1 | |
| Lesser Clarity Potion | 1 | |
2 total
Chatura (
pink | 89 APM | 1332 actions | 14:58)
4 Mountain King
2 Storm Bolt
2 Bash
» actions
| Assign group hotkey | 16 | |
| Basic commands | 12 | |
| Build / train | 56 | |
| ESC pressed | 3 | |
| Enter build submenu | 21 | |
| Enter hero's abilities submenu | 4 | |
| Right click | 402 | |
| Select / deselect | 171 | |
| Select group hotkey | 594 | |
| Use ability | 53 | |
1332 total
» units
| Peasant | 10 | |
| Footman | 8 | |
| Goblin Shredder | 1 | |
| Goblin Zeppelin | 2 | |
| Mortar Team | 4 | |
| Archer | 2 | |
| Knight | 1 | |
28 total
» upgrades
| Masonry | 3 | |
| Defend | 1 | |
| Plating | 2 | |
| Gunpowder | 3 | |
| Fragmentation Shards | 1 | |
10 total
» buildings
| Altar of Kings | 2 | |
| Barracks | 2 | |
| Farm | 7 | |
| Keep | 1 | |
| Lumber Mill | 2 | |
| Arcane Vault | 1 | |
| Blacksmith | 1 | |
| Castle | 1 | |
| Workshop | 3 | |
| Town Hall | 1 | |
| Tree of Eternity | 2 | |
| Hunter's Hall | 1 | |
24 total
» build order
00:07 Altar of Kings
00:13 Barracks
00:23 Farm
00:56 Farm
01:27 Farm
02:25 Farm
03:06 Farm
03:31 Keep
03:35 Lumber Mill
04:48 Arcane Vault
04:53 Blacksmith
05:15 Farm
05:17 Farm
05:57 Lumber Mill
08:03 Altar of Kings
09:14 Castle
09:33 Workshop
09:36 Workshop
09:40 Workshop
10:49 Town Hall
12:37 Tree of Eternity
12:37 Tree of Eternity
12:40 Hunter's Hall
13:05 Barracks
» items
| Scroll of Regeneration | 2 | |
| Lesser Clarity Potion | 3 | |
| Scroll of Town Portal | 1 | |
| Potion of Healing | 1 | |
7 total
Chat log
(00:23 / Allies) WinFreeloader: mass rush?
(00:48 / Allies) WinFreeloader: mass rush/
(00:51 / Allies) lemoncheddar: ok
(00:57 / Allies) WinFreeloader: he won't play if he does he tk
(01:08 / Allies) 0l1l1l1l1l0: take his mine yellow
(01:24 / Allies) lemoncheddar: k
(01:40 / Allies) 0l1l1l1l1l0: get to level 2 then we go
(03:20 / Allies) 0l1l1l1l1l0: go
(03:22 / Allies) 0l1l1l1l1l0: take that
(05:10 / Allies) 0l1l1l1l1l0: not yet
(05:12 / Allies) 0l1l1l1l1l0: im not ready
(05:38 / Allies) 0l1l1l1l1l0: creep this then we go
(05:44 / Allies) 0l1l1l1l1l0: green
(05:46 / Allies) 0l1l1l1l1l0: expo here and tower up
(06:12 / Allies) 0l1l1l1l1l0: green expo there
(07:31 / Allies) 0l1l1l1l1l0: b
(07:31 / Allies) 0l1l1l1l1l0: b
(07:32 / Allies) 0l1l1l1l1l0: b
(07:32 / Allies) 0l1l1l1l1l0: b
(07:32 / Allies) 0l1l1l1l1l0: b
(07:33 / Allies) 0l1l1l1l1l0: b
(08:07 / Allies) 0l1l1l1l1l0: prepare for counter
(10:29 / All) WinFreeloader: mh?
(10:32 / Allies) 0l1l1l1l1l0: we might have this
(10:42 / Allies) 0l1l1l1l1l0: gotta keep pushing
(12:48 / Allies) WinFreeloader: scout poink base
(13:13 / Allies) WinFreeloader: hit pink
(13:17 / Allies) 0l1l1l1l1l0: yellow
(13:20 / Allies) 0l1l1l1l1l0: move
(13:38 / Allies) WinFreeloader: coe purp
(14:23 / Allies) WinFreeloader: pally heal me?
(14:44 / Allies) WinFreeloader: bacl>?
(14:47 / Allies) 0l1l1l1l1l0: yes
(14:48 / Allies) 0l1l1l1l1l0: back
(14:50 / All) WinterSnows: gg
(15:22 / Allies) 0l1l1l1l1l0: did we win?
(15:25 / Allies) WinFreeloader: yes
(15:28 / Allies) 0l1l1l1l1l0: wow
(15:31 / All) WinFreeloader: they insulted me lol
(15:31 / Allies) 0l1l1l1l1l0: nice fucking job fellas
(15:32 / All) WinFreeloader: previous game
(15:35 / Allies) 0l1l1l1l1l0: fuck them
(15:36 / Allies) 0l1l1l1l1l0: they sucked
(15:38 / All) WinFreeloader: wintersnows
(15:44 / All) WinFreeloader: so I played this game
(15:53 / Allies) BUTT_PLAY93: gg
(17:16 / Allies) 0l1l1l1l1l0: pink pushing tanks
(17:54 / Allies) 0l1l1l1l1l0: fuck
(17:56 / Allies) 0l1l1l1l1l0: sorry green
(17:59 / Allies) 0l1l1l1l1l0: thougth u were enemy
(18:00 / Allies) 0l1l1l1l1l0: bac
(18:02 / Allies) lemoncheddar: omw
(18:08 / Allies) lemoncheddar: nm
(18:09 / Allies) WinFreeloader: b lawl
(19:00 / Allies) lemoncheddar: we gotta hit
(19:02 / Allies) 0l1l1l1l1l0: yes
(19:03 / Allies) WinFreeloader: lumber?
(19:32 / All) 0l1l1l1l1l0: Gg
(20:40 / Allies) 0l1l1l1l1l0: fuck u teal
(20:41 / Allies) 0l1l1l1l1l0: pussy
(20:43 / Allies) 0l1l1l1l1l0: afk fag